[Event "Early-Titled-Tuesday-Blitz-February-13-2024"]
[Site "Chess.com"]
[Date "2024.02.13"]
[Round "1"]
[White "Balla_Tamas"]
[Black "jakopogi"]
[Result "0-1"]
[WhiteElo "2403"]
[BlackElo "2733"]
[TimeControl "180+1"]
[EndTime "8:07:45 PST"]
[Termination "jakopogi won by checkmate"]

1. e4 e5 2. Nf3 Nc6 3. d4 exd4 4. Nxd4 Nf6 5. Nxc6 bxc6 6. e5 Ne4 7. Qf3 Nc5 8.
Bc4 Ne6 9. O-O Be7 10. Nc3 O-O 11. Be3 a5 12. Rfe1 Rb8 13. Bb3 Bb7 14. Rad1 d5 15. exd6 cxd6 16. Qh3 d5 17. Na4 Bf6 18. c3 Re8 19. Bb6 Qd6 20. Bxa5 Ba6 21. Bb4 c5 22. Bxd5 Nf4 23. Qf3 Rxe1+ 24. Rxe1 cxb4 25. Bb3 bxc3 26. Nxc3 Bxc3 27. bxc3 h6 28. h3 Ne6 29. Qf5 Re8 30.
Qa5 Bb7 31. Qb5 Qc6 32. Qxc6 Bxc6 33. a4 Ra8 34. Bxe6 fxe6 35. Rxe6 Bxa4 36. c4 Bb3 37. Rc6 Kf7 38. c5 Ra7 39. g3 Be6 40.
Kh2 Ke7 41. Rb6 Rc7 42. f4 Rxc5 43. g4 Rc3 44. f5 Bd7 45. Rg6 Kf7 46. Rd6 Bc6 47. h4 Bb5 48. g5 h5 49. g6+ Ke7 50.
Rb6 Bd7 51. Rb7 Rc4 52. Kg3 Rg4+ 53. Kf3 Rxh4 54. Rb6 Rg4 55. Rb5 Kf6 56. Rb6+ Kxf5 57. Rd6 Be6 58. Rb6 Rxg6 59. Rb5+ Kf6 60. Kf4 Rg4+ 61.
Kf3 g5 62. Rb8 Rf4+ 63. Kg3 h4+ 64. Kg2 Bd5+ 65. Kh2 Rf2+ 66. Kh3 Be6# 0-1

[Event "Early-Titled-Tuesday-Blitz-February-13-2024"]
[Site "Chess.com"]
[Date "2024.02.13"]
[Round "1"]
[White "Fumitoks"]
[Black "Khromkin"]
[Result "1-0"]
[WhiteElo "2650"]
[BlackElo "2309"]
[TimeControl "180+1"]
[EndTime "8:07:45 PST"]
[Termination "Fumitoks won by resignation"]

1. e4 c5 2. Nf3 Nc6 3. c3 d5 4.
exd5 Qxd5 5. Na3 Bg4 6. Be2 e6 7. d4 cxd4 8. Nb5 Rc8 9. Nbxd4 Nxd4 10. Qa4+ Qd7 11. Qxd7+ Kxd7 12. Nxd4 Bxe2 13. Kxe2 Bc5 14. Be3 Nf6 15. Rad1 Ke7 16. Nc2 Bxe3 17. Nxe3 Rhd8 18. h3 Rxd1 19. Rxd1 b5 20. f3 a5 21. a3 a4 22. Nc2 Nd5 23. Nd4 Rc5 24. Kd2 g6 25. Re1 Kd6 26. g3 e5 27. Nc2 Nb6 28. Re2 Nc4+ 29. Kc1 f5 30. Nb4 Rc7 31. Re1 Ke6 32.
Nd3 Kf6 33. Kc2 Rd7 34. Re2 h5 35. Nf2 f4 36. Ne4+ Kg7 37. gxf4 exf4 38. Nc5 Rf7 39.
Re8 Ne3+ 40. Kd3 Rf5 41. Ne4 Rd5+ 42. Ke2 Nc4 43. Rb8 Nxb2 44. Rb7+ Kh6 45. h4 Rf5 46. Ng5 Rxg5 47. hxg5+ Kxg5 48. Rxb5+ Kh4 49. Rxb2 Kg3 50.
Rb6 h4 51. Rxg6+ 1-0

[Event "Early-Titled-Tuesday-Blitz-February-13-2024"]
[Site "Chess.com"]
[Date "2024.02.13"]
[Round "1"]
[White "mjray79"]
[Black "Schattman"]
[Result "1-0"]
[WhiteElo "2732"]
[BlackElo "2398"]
[TimeControl "180+1"]
[EndTime "8:07:46 PST"]
[Termination "mjray79 won on time"]

1. e4 c5 2. c3 Nf6 3. e5 Nd5 4. Nf3 Nc6 5. Bc4 Nb6 6. Bb3 c4 7. Bc2 d5 8. exd6 Qxd6 9. d4 cxd3 10. Qxd3 Qxd3 11. Bxd3 Bg4 12. Bf4 Bxf3 13. gxf3 O-O-O 14. Be4 e6 15. Nd2 h6 16. O-O-O Bc5 17. Bxc6 bxc6 18.
Ne4 Be7 19. Bd6 Rhe8 20. b3 Nd5 21. Be5 f6 22. Bd4 Kb7 23. Kb2 e5 24. Bc5 Bxc5 25. Nxc5+ Kb6 26. b4 a5 27. Kb3 axb4 28. cxb4 Nf4 29. a4 h5 30. Kc4 h4 31. a5+ Kc7 32. a6 Kb6 33. Nd7+ Kc7 34. Nc5 Kb6 35. Ra1 Rd2 36. a7 Ra8 37. Ra6+ Kc7 38. Ne4 Rd4+ 39. Kb3 Rd3+ 40. Ka4 Kb7 41. Nc5+ Kc7 42. Nxd3 Nxd3 43. Kb3 Kb7 44. Rha1 Nxf2 45. R6a2 Nh3 46. Rd2 Kc7 47.
Ra6 Nf4 48. Rc2 Kb7 49. Rcxc6 Rxa7 50. Rab6+ 1-0

[Event "Early-Titled-Tuesday-Blitz-February-13-2024"]
[Site "Chess.com"]
[Date "2024.02.13"]
[Round "1"]
[White "Alexander_Donchenko"]
[Black "tetrix83"]
[Result "1-0"]
[WhiteElo "2936"]
[BlackElo "2512"]
[TimeControl "180+1"]
[EndTime "8:07:47 PST"]
[Termination "Alexander_Donchenko won on time"]

1. Nf3 d5 2. g3 Nd7 3. Bg2 e5 4. O-O Bd6 5. c4 c6 6. cxd5 cxd5 7. Nc3 Ngf6 8. d3 O-O 9. Bd2 a6 10. Rc1 b5 11. d4 e4 12. Ne1 h6 13. f3 Bb7 14. fxe4 dxe4 15. Nc2 Nb6 16. Bf4 Re8 17. e3 Nc4 18. b3 Nb6 19. Bh3 Nbd5 20. Nxd5 Nxd5 21.
Qh5 Bxf4 22. gxf4 Bc8 23. Bg2 Nf6 24. Qh4 Bf5 25. Nb4 Rc8 26. Nxa6 Qa5 27. Nc5 Qxa2 28. Ra1 Qd2 29. Qe1 Qxe1 30. Rfxe1 Ra8 31. h3 b4 32. Kf2 Reb8 33. Ke2 Kf8 34. Kd2 Ke7 35. Ra4 Rxa4 36. bxa4 b3 37. Rb1 b2 38. a5 Be6 39. a6 Nd7 40. Bxe4 Nxc5 41. dxc5 Ba2 42. a7 Rd8+ 43. Kc2 Bxb1+ 44. Kxb1 1-0

[Event "Early-Titled-Tuesday-Blitz-February-13-2024"]
[Site "Chess.com"]
[Date "2024.02.13"]
[Round "1"]
[White "NovakRatko"]
[Black "wannabe2700"]
[Result "0-1"]
[WhiteElo "2349"]
[BlackElo "2680"]
[TimeControl "180+1"]
[EndTime "8:07:47 PST"]
[Termination "wannabe2700 won on time"]

1. d4 Nf6 2. c4 e6 3. a3 c5 4.
d5 exd5 5. cxd5 g6 6. Nc3 d6 7. e4 Bg7 8. f3 O-O 9. Bg5 h6 10. Bf4 a6 11. Qd2 g5 12. Be3 b5 13.
Bd3 Nbd7 14. Nge2 Ne5 15. b4 Nxd3+ 16. Qxd3 c4 17. Qd2 Re8 18. Nd4 Nh5 19. Nc6 Qc7 20.
g4 Nf4 21. O-O Nd3 22. Bd4 Be5 23. Nxe5 dxe5 24. Be3 Bd7 25. h4 f6 26. hxg5 hxg5 27. Kg2 Kg7 28. Rh1 Rh8 29. Bxg5 fxg5 30. Qxg5+ Kf7 31.
d6 Qxd6 32. Nd5 Rag8 33. Qe3 Bc6 34. Qa7+ Qd7 35. Qxa6 Bxd5 36. exd5 Qxd5 37. Qa7+ Kg6 38.
Qb6+ Kg5 39. Qe3+ Nf4+ 40. Kg3 Qd4 41. Qe1 Qb2 42. Qf2 Qxf2+ 43. Kxf2 Rd8 0-1

[Event "Early-Titled-Tuesday-Blitz-February-13-2024"]
[Site "Chess.com"]
[Date "2024.02.13"]
[Round "1"]
[White "JuniorJumper"]
[Black "Hovik_Hayrapetyan"]
[Result "0-1"]
[WhiteElo "2493"]
[BlackElo "2893"]
[TimeControl "180+1"]
[EndTime "8:07:48 PST"]
[Termination "Hovik_Hayrapetyan won by checkmate"]

1. b3 Nf6 2. Bb2 e6 3. Nf3 d5 4. e3 Be7 5. c4 O-O 6. Nc3 c5 7.
cxd5 exd5 8. d4 Nc6 9. Be2 b6 10.
O-O Bb7 11. Rc1 Rc8 12. dxc5 bxc5 13. Na4 Nb4 14. Bxf6 Bxf6 15. Nxc5 Nxa2 16. Nxb7 Rxc1 17. Nxd8 Rxd1 18. Rxd1 Rxd8 19. Bf1 Nc3 20. Rd2 Rb8 21. Rb2 a5 22. Nd4 Bxd4 23. exd4 a4 24. b4 a3 25. Rb3 Ra8 26. Rxc3 a2 27. Rc1 a1=Q 28. Rxa1 Rxa1 29. b5 Rd1 30. g3 Rxd4 31. Kg2 Rb4 32. h4 f6 33. Kf3 Kf7 34. Ke3 Ke6 35. Kd3 Kd6 36.
Kc3 Kc5 37. Bd3 h6 38. Be2 d4+ 39. Kd2 Rb2+ 40. Kd1 Kb4 41. Bd3 Kc3 42. Bg6 d3 43.
Ke1 Rb1# 0-1

[Event "Early-Titled-Tuesday-Blitz-February-13-2024"]
[Site "Chess.com"]
[Date "2024.02.13"]
[Round "1"]
[White "Truequitos"]
[Black "SpongeBob_03"]
[Result "1-0"]
[WhiteElo "2602"]
[BlackElo "2217"]
[TimeControl "180+1"]
[EndTime "8:07:49 PST"]
[Termination "Truequitos won by resignation"]

1. Nf3 d5 2. g3 Nf6 3. Bg2 e6 4.
O-O b6 5. d3 Bb7 6. Nbd2 Nbd7 7.
Re1 Be7 8. e4 dxe4 9. dxe4 e5 10. c3 Nc5 11. Qc2 Nd3 12. Re3 Nxf2 13. Kxf2 Ng4+ 14.
Ke2 Nxe3 15. Qa4+ c6 16. Kxe3 Bc5+ 17. Ke2 f6 18. b4 Bd6 19. Qb3 a5 20. b5 Qd7 21. Nc4 cxb5 22. Nxb6 Qc6 23. Qe6+ Be7 24. Qxc6+ Bxc6 25. Nxa8 Bxa8 26. Ne1 O-O 27. Nd3 Rc8 28. Bd2 Rc4 29. Rb1 Bc6 30. Nb2 Rc5 31. Kd3 b4 32.
c4 Bb7 33. Na4 Rc6 34. Be3 Ba6 35. Rc1 Rc8 36. Nb6 Rc6 37. Nd5 Bd8 38. Bh3 Kf7 39.
Bd7 Rd6 40. Bb5 Bb7 41. c5 Re6 42. c6 Bc8 43. c7 Be7 44. Bc4 Rd6 45. Bc5 Rd7 46.
Bb5 Rd6 47. Bxd6 Bxd6 48. Rc6 Be7 49. Nb6 1-0

[Event "Early-Titled-Tuesday-Blitz-February-13-2024"]
[Site "Chess.com"]
[Date "2024.02.13"]
[Round "1"]
[White "theoneandonlydaaevik"]
[Black "FoxOnTheRun97"]
[Result "0-1"]
[WhiteElo "2273"]
[BlackElo "2650"]
[TimeControl "180+1"]
[EndTime "8:07:50 PST"]
[Termination "FoxOnTheRun97 won by resignation"]

1. c4 e5 2. Nc3 Nf6 3. Nf3 e4 4. Ng5 c6 5. Ngxe4 Nxe4 6. Nxe4 d5 7. cxd5 cxd5 8. Nc3 d4 9. Ne4 Nc6 10. a3 Bf5 11. d3 Qd5 12. e3 Bxe4 13. dxe4 Qxe4 14. Qd3 Qe6 15. Be2 Bc5 16. b4 Bb6 17. e4 O-O 18. f4 a5 19. b5 Ne7 20. O-O f5 21. Bf3 Rac8 22. Bd2 Rc7 23. Rfe1 Qf7 24. exf5 Nxf5 25. Re5 Kh8 26. Kh1 Ne3 27. g3 Nc4 28. Re2 Rd8 29.
Rae1 Nxd2 30. Qxd2 h6 31. Be4 d3 32. Rg2 Rc2 33. Qd1 Rxg2 34. Kxg2 Qa2+ 35. Kh3 Qxa3 36. Bxd3 Qxd3 37. Re8+ Kh7 38. Rxd8 Qxd8 39. Qc2+ g6 40. f5 Qd7 0-1

[Event "Early-Titled-Tuesday-Blitz-February-13-2024"]
[Site "Chess.com"]
[Date "2024.02.13"]
[Round "1"]
[White "Cosi43"]
[Black "IngOscarArdila"]
[Result "1-0"]
[WhiteElo "2631"]
[BlackElo "2281"]
[TimeControl "180+1"]
[EndTime "8:07:51 PST"]
[Termination "Cosi43 won by checkmate"]

1. d4 Nf6 2. Nf3 g6 3. c4 Bg7 4. Nc3 O-O 5. Bg5 d6 6. e3 h6 7. Bh4 Bg4 8. h3 Bxf3 9. Qxf3 c6 10. Bd3 Nbd7 11. O-O Qb6 12. Qe2 e5 13. d5 cxd5 14.
Nxd5 Nxd5 15. cxd5 Nc5 16. Bc4 f5 17. b4 Qxb4 18. Be7 Rfe8 19. Bxd6 Qb6 20. Bxc5 Qxc5 21. d6+ Kh7 22. Rfd1 Rad8 23. Rd5 Qb4 24. Rad1 e4 25.
h4 Re5 26. Rxe5 Bxe5 27. d7 a6 28. Bf7 Qe7 29. Be8 Qxh4 30. g3 Bxg3 31. fxg3 Qxg3+ 32. Kf1 Qh3+ 33. Qg2 Qh5 34. Rd6 Kh8 35. Qxg6 Qf3+ 36. Kg1 Qxe3+ 37. Kh2 Qf4+ 38. Qg3 Qc1 39. Qe5+ Kh7 40.
Bg6+ Kg8 41. Qe6+ Kg7 42. Qf6+ Kg8 43. Qf7+ Kh8 44. Qh7# 1-0

[Event "Early-Titled-Tuesday-Blitz-February-13-2024"]
[Site "Chess.com"]
[Date "2024.02.13"]
[Round "1"]
[White "Alexei_Kornev"]
[Black "UK_23"]
[Result "1-0"]
[WhiteElo "2703"]
[BlackElo "2371"]
[TimeControl "180+1"]
[EndTime "8:07:52 PST"]
[Termination "Alexei_Kornev won by resignation"]

1. e4 e5 2. Nf3 Nf6 3. Nxe5 Nxe4 4. Qe2 Qe7 5. Qxe4 d6 6. d4 dxe5 7. dxe5 Nc6 8. Nc3 Qxe5 9. Bf4 Qxe4+ 10. Nxe4 Bb4+ 11.
c3 Ba5 12. O-O-O O-O 13. Bc4 Bb6 14. Rhe1 Bf5 15. Bg3 Rad8 16. Rxd8 Rxd8 17. Ng5 Bg6 18. Nf3 h6 19. a3 a5 20. Ne5 Nxe5 21. Rxe5 Kf8 22.
b4 axb4 23. axb4 Re8 24. Rxe8+ Kxe8 25. Kd2 Ke7 26. f3 c6 27. Bb3 Bf5 28. c4 Bd4 29. c5 Be6 30. Bc2 f5 31. Bf4 g5 32.
Be3 Bg7 33. f4 g4 34. Bd3 Bf6 35. Bf2 h5 36. b5 cxb5 37. Bxb5 Bd5 38. g3 Ke6 39.
Kd3 Be7 40. Bd4 Bf8 41. Be8 h4 42. gxh4 Bh6 43. Be3 Ke7 44. Bb5 Ke6 45. h5 Ke7 46. Bc4 Bc6 47. Kd4 Bg7+ 48. Kd3 Be8 49. Bd4 Bh6 50. Be5 Bxh5 51. Bd5 Be8 52. Bxb7 Bb5+ 53. Kd4 Kd7 54. Bd5 Bc6 55. Bc4 Bf8 56. Bd3 Ke6 57. Ba6 Kd7 58. Bd3 Ke6 59. Bc2 Bh6 60. Bb3+ Kd7 61. Bd5 Bf8 62. Bf6 Kc7 63. Bxc6 Kxc6 64.
Ke5 Kxc5 65. Kxf5 Kd5 66. Kxg4 Ke6 67. Bg5 Kf7 68. h4 Bd6 69. h5 Kg7 70. Kf5 Kf7 71.
h6 Bc5 72. Bf6 Kg8 73. Kg6 1-0

[Event "Early-Titled-Tuesday-Blitz-February-13-2024"]
[Site "Chess.com"]
[Date "2024.02.13"]
[Round "1"]
[White "pifion"]
[Black "hsd2016"]
[Result "1-0"]
[WhiteElo "2659"]
[BlackElo "2328"]
[TimeControl "180+1"]
[EndTime "8:07:52 PST"]
[Termination "pifion won on time"]

1. d4 d5 2. c4 c6 3. Nf3 Nf6 4. e3 dxc4 5. Bxc4 e6 6. O-O Be7 7. Qe2 b5 8. Bd3 O-O 9. Rd1 Bb7 10. a4 a6 11. e4 Nbd7 12. Bf4 Qb6 13. Nc3 b4 14. a5 Qa7 15. Na4 c5 16. Rac1 cxd4 17. Rc7 Rfd8 18. Rdc1 Rac8 19. Ne5 Nxe5 20. Bxe5 Rxc7 21.
Bxc7 Re8 22. Bb6 Qb8 23. Bxd4 Qf4 24. Be3 Qe5 25. Nc5 Bc8 26. f4 Qb8 27. Bxa6 Bxc5 28. Rxc5 Nxe4 29. Rxc8 Rxc8 30. Bxc8 Qxc8 31. Qd3 f5 32. a6 Nc5 33. Qc4 Qxa6 34. Qxc5 b3 35. Kf2 Qd3 36. Bd4 Qd2+ 37. Kf3 Qd3+ 38. Be3 Qd1+ 39. Kf2 Qd3 40. Qc8+ Kf7 41. Qc5 Kg6 42. h3 h5 43. Qe5 Qc2+ 44. Kg1 Kf7 45. Bd4 Qc1+ 46.
Kh2 g5 47. Qf6+ Ke8 48. Qxe6+ Kd8 49. Bb6+ 1-0

[Event "Early-Titled-Tuesday-Blitz-February-13-2024"]
[Site "Chess.com"]
[Date "2024.02.13"]
[Round "1"]
[White "N18player"]
[Black "lilleper1"]
[Result "0-1"]
[WhiteElo "2525"]
[BlackElo "2975"]
[TimeControl "180+1"]
[EndTime "8:07:53 PST"]
[Termination "lilleper1 won by resignation"]

1. Nf3 Nf6 2. c4 c5 3. g3 Nc6 4. d4 cxd4 5. Nxd4 g6 6. Bg2 Bg7 7. Nc3 O-O 8. O-O Ng4 9. e3 d6 10. Nxc6 bxc6 11. Bxc6 Rb8 12. Bg2 Ne5 13. Qe2 Ba6 14.
Nb5 Nxc4 15. Nxa7 Qb6 16. Nc6 Ne5 17. Nxe7+ Kh8 18. Qd1 Bxf1 19. Qxf1 Qc5 20. Nd5 Nc4 21. b4 Rxb4 22. Nxb4 Bxa1 23. Nd3 Qa5 24. Nf4 Rc8 25. Bd5 Ne5 26. h4 Qc3 27. Ne2 Qd3 28. e4 Rc2 29.
Be3 Bb2 30. Nd4 Qxf1+ 31. Kxf1 Bxd4 32. Bxd4 Rc1+ 33. Ke2 Kg8 34. Bxe5 dxe5 35. Bb3 Kf8 36. Kf3 f6 37. Kg4 Rf1 38. f4 h5+ 39. Kh3 exf4 40. gxf4 Rxf4 41. Bd5 Rf2 42. a4 Rf3+ 43. Kg2 Ra3 44. Bc6 Ke7 45. Bb5 g5 46. hxg5 fxg5 47. e5 Ke6 48. Be8 h4 49. Bh5 Kxe5 50. Bg4 Kf4 51. Bd7 g4 0-1

[Event "Early-Titled-Tuesday-Blitz-February-13-2024"]
[Site "Chess.com"]
[Date "2024.02.13"]
[Round "1"]
[White "Matibar"]
[Black "TheoSlade"]
[Result "1-0"]
[WhiteElo "2771"]
[BlackElo "2429"]
[TimeControl "180+1"]
[EndTime "8:07:53 PST"]
[Termination "Matibar won on time"]

1. e4 e5 2. Nf3 Nc6 3. Bc4 Bc5 4. d3 Nf6 5. a4 O-O 6. Bg5 h6 7. Bh4 Be7 8. O-O d6 9. a5 a6 10. Nc3 Re8 11. Bxf6 Bxf6 12. Nd5 Be6 13. c3 Be7 14.
Qb3 Rb8 15. Ne1 Bf8 16. Nc2 Ne7 17. f4 Nxd5 18. Bxd5 Bxd5 19. Qxd5 c6 20. Qb3 exf4 21. Rxf4 d5 22. Ne3 Bd6 23. Rf3 dxe4 24. Qxf7+ Kh8 25. dxe4 Rxe4 26. Nf5 Bc5+ 27. Kh1 Qf8 28. Qg6 Rbe8 29. Raf1 Re1 30. b4 Ba7 31. h4 Qf6 32. Qxf6 gxf6 33. Nxh6 Rxf1+ 34. Rxf1 Kg7 35. Nf5+ Kg6 36. g3 Re5 37. g4 Re2 38. Ng3 Re3 39. Nh5 Rxc3 40. Rxf6+ Kh7 41. Kg2 Rc2+ 42. Kg3 Bb8+ 43. Kf3 Rc3+ 44.
Ke4 Rc4+ 45. Kf5 Rxb4 46. Rf7+ Kg8 47. Rd7 Rb5+ 48. Kg6 Kf8 49. Nf6 1-0

[Event "Early-Titled-Tuesday-Blitz-February-13-2024"]
[Site "Chess.com"]
[Date "2024.02.13"]
[Round "1"]
[White "Gryffindorac8"]
[Black "Witik"]
[Result "1/2-1/2"]
[WhiteElo "2396"]
[BlackElo "2712"]
[TimeControl "180+1"]
[EndTime "8:07:53 PST"]
[Termination "Game drawn by repetition"]

1. d4 Nf6 2. c4 e6 3. Nf3 Bb4+ 4. Bd2 Qe7 5. g3 Nc6 6. Nc3 O-O 7. Bg2 Bxc3 8.
Bxc3 Ne4 9. Qc2 Nxc3 10. Qxc3 d6 11. O-O e5 12. e4 Bg4 13. d5 Nb8 14. b4 Nd7 15. Rac1 c6 16. h3 Bh5 17. Qe3 c5 18. a3 cxb4 19. axb4 a5 20. bxa5 Bxf3 21. Bxf3 Rxa5 22. Bg2 Nc5 23. Kh2 Rfa8 24. Rc3 Ra2 25. Rfc1 h6 26. R1c2 Ra1 27. Rc1 R1a2 28. R1c2 Qc7 29. Qd2 Ra1 30. Rc1 Qa5 31. Rxa1 Qxa1 32. Rc1 Qa3 33. Rc3 Qb4 34. Qc2 Ra1 35. h4 Rb1 36. Rf3 Qe1 37. Qa2 Ra1 38. Qb2 g5 39.
hxg5 hxg5 40. Qb6 Nxe4 41. Qd8+ Kg7 42. Rf5 Qg1+ 43. Kh3 Nxf2+ 44. Rxf2 Qxf2 45. Qxg5+ Kh7 46. Qh5+ Kg7 47. Qg5+ Kf8 48. Qd8+ Kg7 49. Qg5+ 1/2-1/2

[Event "Early-Titled-Tuesday-Blitz-February-13-2024"]
[Site "Chess.com"]
[Date "2024.02.13"]
[Round "1"]
[White "ilqar_74"]
[Black "Road2GM3000"]
[Result "1-0"]
[WhiteElo "2836"]
[BlackElo "2466"]
[TimeControl "180+1"]
[EndTime "8:07:54 PST"]
[Termination "ilqar_74 won on time"]

1. e4 c5 2. Nf3 d6 3. d4 cxd4 4.
Nxd4 Nf6 5. Nc3 a6 6. Be2 e6 7. g4 Be7 8. h4 Nc6 9. g5 Nd7 10. Be3 Qc7 11. Qd2 b5 12. a3 Bb7 13.
f4 Nb6 14. O-O-O Na5 15. h5 Nac4 16. Bxc4 Nxc4 17. Qd3 Nxe3 18. Qxe3 O-O-O 19. f5 h6 20. gxh6 gxh6 21. Kb1 Bg5 22. Qh3 e5 23. Nb3 f6 24.
Nd5 Bxd5 25. Rxd5 Kb8 26. Rhd1 Rc8 27. Qd3 Rhd8 28. c3 Qc4 29. Qxc4 Rxc4 30. Rxd6 Rxd6 31.
Rxd6 Rxe4 32. Nc5 Re1+ 33. Ka2 Rf1 34. Nxa6+ Kc8 35. Nc5 Rxf5 36. Rc6+ Kd8 37. Rb6 Be3 38. Rxb5 Bxc5 39. Rxc5 Rf1 40. a4 e4 41. Rc4 f5 42. Rc5 e3 43. Re5 f4 44. a5 Kc7 45. a6 Kb6 46. Re6+ Ka7 47. b4 Re1 48.
b5 f3 49. Re7+ Kb6 50. a7 f2 51. Rf7 1-0

[Event "Early-Titled-Tuesday-Blitz-February-13-2024"]
[Site "Chess.com"]
[Date "2024.02.13"]
[Round "1"]
[White "kleopl"]
[Black "Msb2"]
[Result "0-1"]
[WhiteElo "2535"]
[BlackElo "3001"]
[TimeControl "180+1"]
[EndTime "8:07:55 PST"]
[Termination "Msb2 won on time"]

1. e4 e6 2. d4 d5 3. Nd2 c5 4.
exd5 Qxd5 5. Ngf3 cxd4 6. Bc4 Qd6 7. Nb3 Nc6 8. O-O Nf6 9. Nbxd4 Nxd4 10. Qxd4 Qxd4 11. Nxd4 Bd7 12. c3 Rc8 13. Be2 Bc5 14.
Nb3 Bb6 15. Bf3 Bc6 16. Bxc6+ Rxc6 17. Be3 Bxe3 18. fxe3 Ke7 19. Rad1 Rcc8 20. Kf2 Rhd8 21. Ke2 Ng4 22. h3 Ne5 23. Nd4 a6 24. Nf3 Nc4 25. b3 Nd6 26. c4 b5 27. cxb5 Nxb5 28. Rxd8 Rxd8 29. Rc1 f6 30. a4 Nd6 31. Nd4 Kd7 32. b4 e5 33. Nb3 Ra8 34. Nc5+ Ke7 35. Rd1 a5 36. b5 Rc8 37. Rd5 Nc4 38. Nb7 Nb6 39.
Rd2 Nxa4 40. Nxa5 Nc3+ 41. Kf3 Nxb5 42. Nb3 Rc3 43. Rb2 Nd6 44. Nd2 Nf5 45. Rb7+ Kf8 46. Nf1 h5 47. g4 hxg4+ 48. hxg4 Nd6 49. Rd7 Nf7 50. Ng3 Ng5+ 51. Kf2 g6 52. Ra7 Rc2+ 53.
Kf1 Rc4 54. Ra6 Rxg4 55. Ne2 Ne4 56. Rb6 Kg7 57. Ra6 g5 58. Ra8 Rh4 59. Kg2 g4 60.
Ng3 Nxg3 61. Kxg3 Rh3+ 62. Kxg4 Rxe3 63. Kf5 Rf3+ 64. Ke6 e4 65. Ra4 f5 66. Ke5 e3 0-1

[Event "Early-Titled-Tuesday-Blitz-February-13-2024"]
[Site "Chess.com"]
[Date "2024.02.13"]
[Round "1"]
[White "WindWhistler11"]
[Black "KNVB"]
[Result "0-1"]
[WhiteElo "2498"]
[BlackElo "2903"]
[TimeControl "180+1"]
[EndTime "8:07:55 PST"]
[Termination "KNVB won on time"]

1. Nf3 d5 2. c4 c6 3. b3 Bf5 4. Bb2 e6 5. g3 h6 6. Bg2 Nf6 7. Nc3 Be7 8. e3 O-O 9. Ne2 a5 10. cxd5 exd5 11. Nfd4 Bd3 12. Nf4 Ba6 13. Nf5 Bc5 14.
Nh5 Nxh5 15. Qxh5 Qg5 16. Nxg7 Nd7 17. f4 Qg6 18. Qh3 Nf6 19. Nf5 Kh7 20. Bf3 Rg8 21. g4 b6 22. g5 Bc8 23. Qxh6+ Qxh6 24. Nxh6 Ne4 25. Bxe4+ dxe4 26. Nxg8 Kxg8 27. O-O-O Bh3 28. Rhg1 Kh7 29. Rg3 Bf5 30. h4 Rd8 31. h5 a4 32.
g6+ Kg8 33. gxf7+ Kxf7 34. Rg7+ Ke6 35. Rdg1 axb3 36. axb3 Bb4 37. Bc3 Bf8 38. R7g5 Ba3+ 39. Kc2 Be7 40. Rg7 b5 41. h6 b4 42. Be5 Ra8 43. Kb2 Rd8 44. h7 Rxd2+ 45. Kc1 Rh2 46.
R7g6+ Bxg6 47. Rxg6+ Kf5 0-1

[Event "Early-Titled-Tuesday-Blitz-February-13-2024"]
[Site "Chess.com"]
[Date "2024.02.13"]
[Round "1"]
[White "Austen48"]
[Black "Crazy_girl99"]
[Result "0-1"]
[WhiteElo "2219"]
[BlackElo "2602"]
[TimeControl "180+1"]
[EndTime "8:07:55 PST"]
[Termination "Crazy_girl99 won by resignation"]

1. d4 Nf6 2. c4 e6 3. Nc3 Bb4 4. Qc2 d5 5. Nf3 O-O 6. Bg5 h6 7. Bh4 Nbd7 8. e3 c5 9. Be2 dxc4 10. Bxc4 cxd4 11. exd4 Nb6 12. Bd3 Nbd5 13. O-O Be7 14. Rad1 Bd7 15. a3 Rc8 16. Qd2 Nxc3 17. bxc3 Qa5 18. Ne5 Ba4 19. Rb1 b6 20. Rb4 Bxb4 21.
axb4 Qd5 22. Bxf6 Bc6 23. Nxc6 Qxc6 24. Be5 Qxc3 25. Qe3 Rfd8 26. Qg3 g6 27. h4 h5 28.
Bf6 Rd5 29. Rd1 a5 30. Qf4 Qxb4 31. Bxg6 fxg6 32. Qh6 Rc7 33. Qxg6+ Kf8 34. Qh6+ Ke8 35. Qh8+ Qf8 36. Qxh5+ Qf7 37. Qxf7+ Kxf7 38. Be5 Rc4 39.
Rb1 b5 40. h5 a4 41. g4 a3 42. Ra1 b4 43. g5 Rxe5 44. dxe5 Rg4+ 45. Kf1 Rxg5 46. Rb1 a2 47. Rxb4 a1=Q+ 48. Ke2 Qxe5+ 49. Kd3 Rxh5 50. Rb7+ Kf6 0-1

[Event "Early-Titled-Tuesday-Blitz-February-13-2024"]
[Site "Chess.com"]
[Date "2024.02.13"]
[Round "1"]
[White "FLYD"]
[Black "Leebit02"]
[Result "0-1"]
[WhiteElo "1964"]
[BlackElo "2559"]
[TimeControl "180+1"]
[EndTime "8:07:55 PST"]
[Termination "Leebit02 won on time"]

1. e4 c5 2. Nf3 Nc6 3. Bb5 g6 4.
O-O Bg7 5. Re1 Nf6 6. c3 O-O 7. h3 e5 8. d4 cxd4 9. cxd4 exd4 10. e5 Ne8 11. Bg5 Qc7 12. Nbd2 h6 13. Bf4 Qb6 14.
Bc4 Nc7 15. Ne4 d5 16. exd6 Ne6 17. Bg3 Bd7 18. Rb1 Rac8 19. Bb3 Na5 20. Ne5 Rcd8 21.
Nxd7 Rxd7 22. Bxe6 fxe6 23. Qg4 Kh7 24. Qxe6 Rdf7 25. h4 Nc6 26. h5 gxh5 27. d7 Nd8 28.
Qxb6 axb6 29. Bd6 Rg8 30. Rbd1 Rxd7 31. Bf4 Nc6 32. Nd2 Rf8 33. Bg3 Rff7 34. Nc4 b5 35. Nd6 Rf6 36. Nxb5 Rf5 37. Nd6 Rd5 38. Ne4 d3 39.
Nc3 Rd4 40. Nb5 Rb4 41. Nc7 Rxb2 42. Ne6 d2 43. Re2 Bc3 44. Nf4 Nd4 45. Re4 Rc2 46. Nd3 Nc6 47. Nf4 Rc1 48. Rde1 dxe1=Q+ 0-1

[Event "Early-Titled-Tuesday-Blitz-February-13-2024"]
[Site "Chess.com"]
[Date "2024.02.13"]
[Round "1"]
[White "Hananmo"]
[Black "GMBenjaminBok"]
[Result "0-1"]
[WhiteElo "2517"]
[BlackElo "2958"]
[TimeControl "180+1"]
[EndTime "8:07:56 PST"]
[Termination "GMBenjaminBok won by resignation"]

1. Nf3 Nf6 2. c4 b6 3. g3 Bb7 4. Bg2 g6 5. O-O Bg7 6. d4 O-O 7. Nc3 Ne4 8. Qc2 Nxc3 9. bxc3 Nc6 10. Rb1 Na5 11. Qa4 d6 12. Rd1 Qe8 13. Qxe8 Rfxe8 14.
Nd2 Bxg2 15. Kxg2 c5 16. Bb2 Rac8 17. d5 f5 18. e3 e6 19. Ba1 Kf7 20. Kf3 e5 21.
Ke2 e4 22. a4 g5 23. Rdc1 Bf6 24. Re1 h5 25. Rec1 Re7 26. Re1 Rh8 27. Rec1 Kg6 28. Rh1 h4 29. Rbg1 hxg3 30. hxg3 Reh7 31. Rxh7 Rxh7 32.
Kf1 Rh2 33. Rg2 Rh1+ 34. Rg1 Rxg1+ 35. Kxg1 Kh5 36. Kg2 Kg4 37. Bb2 Be5 38. Ba1 f4 39. gxf4 gxf4 40. Bb2 f3+ 41. Kf1 Kf5 42. Ba1 Nb7 43. Nb3 Nd8 44. Bb2 Nf7 45. Nd2 Bf6 46.
Kg1 Ne5 47. Kf1 Nd3 48. Ba1 Bh4 49. a5 Bxf2 50. a6 Bxe3 51. Nb3 Bf4 0-1

[Event "Early-Titled-Tuesday-Blitz-February-13-2024"]
[Site "Chess.com"]
[Date "2024.02.13"]
[Round "1"]
[White "Schwarzschidl"]
[Black "SmirnovTimofey2000"]
[Result "1-0"]
[WhiteElo "2559"]
[BlackElo "1964"]
[TimeControl "180+1"]
[EndTime "8:07:56 PST"]
[Termination "Schwarzschidl won on time"]

1. e4 e5 2. Nf3 Nf6 3. Nc3 Bb4 4. Bb5 O-O 5. d3 d5 6. exd5 Nxd5 7. Bd2 Nxc3 8. bxc3 Bd6 9. O-O a6 10. Bc4 b5 11.
Bd5 c6 12. Bb3 Bg4 13. h3 Bh5 14. Re1 Re8 15. a4 Nd7 16. axb5 axb5 17. Rxa8 Qxa8 18.
g4 Bg6 19. Nh4 Nc5 20. Nxg6 hxg6 21. Qf3 Nxb3 22. cxb3 Qb7 23. b4 Qd7 24. c4 Qe7 25.
Qxc6 bxc4 26. dxc4 e4 27. c5 Bc7 28. Bc3 Be5 29. Bxe5 Qxe5 30. b5 e3 31. Rxe3 Qa1+ 32.
Kg2 Rxe3 33. fxe3 Qb2+ 34. Kf3 Qb3 35. Qd6 Qxb5 36. c6 Qf1+ 37. Ke4 Qg2+ 38. Kd3 Qf1+ 39.
Kc3 Qa1+ 40. Kb4 Qb2+ 41. Ka5 Qc3+ 42. Kb6 Qb3+ 43. Ka6 Qa4+ 44. Kb7 Qb5+ 45. Kc8 Qa6+ 46. Kd7 Qa7+ 47. c7 Qa4+ 48. Qc6 Qxc6+ 49. Kxc6 Kh7 50. c8=Q 1-0

[Event "Early-Titled-Tuesday-Blitz-February-13-2024"]
[Site "Chess.com"]
[Date "2024.02.13"]
[Round "1"]
[White "Titus369"]
[Black "kidagent"]
[Result "1-0"]
[WhiteElo "2660"]
[BlackElo "2330"]
[TimeControl "180+1"]
[EndTime "8:07:58 PST"]
[Termination "Titus369 won by checkmate"]

1. e4 c6 2. d4 d5 3. Nd2 dxe4 4. Nxe4 Bf5 5. Ng3 Bg6 6. Nh3 e6 7. Nf4 Nd7 8. h4 h5 9. Nxg6 fxg6 10. Bd3 Qf6 11. Bg5 Qf7 12. Qe2 Ne7 13. Bc4 Nd5 14. O-O-O Be7 15. Ne4 O-O-O 16. Kb1 Rhf8 17. f3 N7b6 18.
Bb3 Rfe8 19. c4 Nf4 20. Bxf4 Qxf4 21. g3 Qf7 22. a4 Bf6 23. c5 Nd5 24. Nd6+ Rxd6 25.
cxd6 Qd7 26. Bxd5 exd5 27. Qd3 Qxd6 28. Qxg6 Rf8 29. Rhe1 Qb4 30. Re8+ Rxe8 31. Qxe8+ Kc7 32. Qe3 Qxa4 33. Rd3 Qc4 34. b3 Qb4 35. Qf4+ Kb6 36.
Qd2 Qb5 37. Kc2 a5 38. Qc3 c5 39. Qxc5+ Qxc5+ 40.
dxc5+ Kxc5 41. Re3 b5 42. Re8 a4 43. bxa4 bxa4 44.
Kd3 a3 45. Ra8 Bb2 46. g4 hxg4 47. fxg4 Kd6 48. g5 Ke5 49. h5 Kf5 50. h6 gxh6 51. gxh6 Kg6 52. Ra6+ Kh7 53. Kc2 d4 54. Kd3 Kh8 55.
Ke4 Kh7 56. Kd3 Kh8 57. Kc2 Kh7 58. Kd2 Kh8 59. Kd3 Kh7 60. Ke4 Kh8 61. Kf5 d3 62. Kg6 Kg8 63. Ra8# 1-0